 Zot Defence DCSS version 0.15.2 (webtiles) character file.

123 JeffiDaFish the Shield-Bearer (level 5, 0/33 HPs)
             Began as a Gargoyle Fighter on Feb 18, 2017.
             Slain by Cuibecai the yak (13 damage)
             ... in the Realm of Zot (Scenario III: Two or Three?).
             The game lasted 00:06:30 (594 turns).

JeffiDaFish the Shield-Bearer (Gargoyle Fighter)     Turns: 594, Time: 00:06:30

HP   0/33        AC 11     Str 25      XL: 5   Next:  7%
MP   5/5         EV  7     Int  8      God:
Gold 0           SH 10     Dex 10      Spells:  0 memorised,  4 levels left

rFire  . . .     SeeInvis .     a - +0 war axe
rCold  . . .     Clarity  .     b - +0 scale mail
rNeg   + . .     rCorr    .     c - +0 shield
rPois  +         rRot     +     (no helmet)
rElec  +         Spirit   .     (no cloak)
SustAb .         Warding  .     (no gloves)
rMut   .         Stasis   .     (no boots)
Gourm  .                        (no amulet)
MR     .....                    (no ring)
                                (no ring)

@: mighty, very slightly contaminated, hasted, very quick, not resistant to
hostile enchantments, extremely unstealthy
A: negative energy resistance 1, electricity resistance, unbreathing,
petrification resistance, rot immunity, AC +4
a: Make oklob sapling, Make arrow trap, Make plant, Remove Curse, Make burning
bush


You were in the Realm of Zot.
You were not hungry.

You visited 1 branch

Inventory:

Hand weapons
 a - a +0 war axe (weapon)
Armour
 b - a +0 scale mail (worn)
 c - a +0 shield (worn)
Comestibles
 f - a bread ration
 l - a rotting chunk of bat flesh
 m - 2 rotting chunks of kobold flesh
Scrolls
 k - a scroll of blinking
Potions
 d - a potion of curing
 i - 2 potions of magic
 j - a potion of berserk rage


   Skills:
 + Level 4.1 Fighting
 + Level 2.2 Axes
 + Level 4.1 Armour
 + Level 0.8 Dodging
 + Level 4.3 Shields


You had 4 spell levels left.
You didn't know any spells.

Dungeon Overview and Level Annotations

Branches:
    Zot (1/1)

Altars:


Innate Abilities, Weirdness & Mutations

You are resistant to torment.
You are immune to poison.
Your stone body is very resilient (AC +4).
You resist negative energy.
You are resistant to electric shocks.
You can survive without breathing.
You are immune to petrification.
You are immune to rotting.


Message History

Cuibecai is severely wounded.
You slash the worm!
The worm is almost dead.
You hit the worm.
The worm is heavily wounded.
You slash the ooze!
The ooze is almost dead.
Cuibecai barely misses you.
The giant cockroach bites your plant but does no damage.
The worm bites you!
* * * LOW HITPOINT WARNING * * *
Drink which item? (? for menu, Esc to quit)
You feel better. You block the ooze's attack. You block Cuibecai's attack.
The giant cockroach bites your plant but does no damage.
The worm barely misses you.
Drink which item? (? for menu, Esc to quit)
You feel better.
The giant cockroach bites your plant but does no damage.
Cuibecai gores you!
You die...

▓▓▓▓▓ ▓...▓ ▓▓...▓▓ ▓▓.....▓▓
▓▓▓.......▓▓▓
▓▓▓▓▓....w)w..%.▓▓▓▓▓
▓▓▓▓▓▓▓.....%w.J@Y....%%..▓▓▓▓▓▓▓
....▓▓...▓▓...%.%)....▓▓.ls▓▓....
.....▓..▓▓▓▓▓.......▓▓▓▓▓..▓.....
.....▓..▓ ▓▓.....▓▓ ▓..▓.....
.....▓..▓ ▓▓...▓▓ ▓..▓.....
.....▓..▓ ▓.P.▓ ▓..▓.....
▓....▓..▓ ▓▓P▓▓ ▓..▓....▓
▓▓...▓..▓ ▓s▓ ▓..▓...▓▓
▓▓...▓..▓▓▓▓▓▓▓▓.▓▓▓▓▓▓▓▓..▓...▓▓


You could see Cuibecai the yak, 3 worms, an ooze, a giant cockroach and a
friendly oklob sapling.

Vanquished Creatures
  A worker ant (Zot)
  An ooze (Zot)
  A bat (Zot)
  A giant cockroach (Zot)
  7 kobolds (Zot)
  A ball python (Zot)
  A giant gecko (Zot)
  4 goblins (Zot)
  A rat (Zot)
18 creatures vanquished.

Vanquished Creatures (collateral kills)
  A goblin (Zot)
  2 kobolds (Zot)
  2 ball pythons (Zot)
  9 bats (Zot)
  3 rats (Zot)
17 creatures vanquished.

Vanquished Creatures (others)
  An oklob sapling (Zot)
  A plant (Zot)
2 creatures vanquished.

Grand Total: 37 creatures vanquished

Notes
Turn   | Place    | Note
--------------------------------------------------------------
     0 | Zot      | JeffiDaFish, the Gargoyle Fighter, began the quest for the Orb.
     0 | Zot      | Reached XP level 1. HP: 14/14 MP: 1/1
   233 | Zot      | Reached XP level 2. HP: 19/19 MP: 2/2
   252 | Zot      | Noticed Houpsut
   269 | Zot      | Killed Houpsut the worker ant
   269 | Zot      | Reached skill level 4 in Fighting
   269 | Zot      | Reached XP level 3. HP: 7/24 MP: 3/3
   269 | Zot      | Reached XP level 4. HP: 8/29 MP: 4/4
   561 | Zot      | Noticed Cuibecai
   586 | Zot      | Reached XP level 5. HP: 13/33 MP: 5/5
   592 | Zot      | HP: 1/33 [worm (7)]
   594 | Zot      | Slain by Cuibecai the yak

Action                   |  1- 3 |  4- 6 || total
-------------------------+-------+-------++-------
Melee: War axe           |    30 |    22 ||    52
 Abil: Make plant        |       |     2 ||     2
       Make oklob saplin |       |     2 ||     2
  Use: Potion            |       |     5 ||     5
